[Event "*** Titled Tuesday Blitz"]
[Site "Chess.com"]
[Date "2021.03.30"]
[Round "11"]
[White "sganerdene"]
[Black "VladDobrov"]
[Result "1/2-1/2"]
[WhiteElo "2640"]
[BlackElo "2747"]
[TimeControl "180+1"]
[EndTime "12:11:02 PDT"]
[Termination "Game drawn by repetition"]

1. e4 c6 2. d4 d5 3. Nc3 dxe4 4. Nxe4 Bf5 5. Ng3 Bg6 6. Bc4 e6 7. N1e2 Bd6 8. h4 h6 9. Nf4 Bxf4 10. Bxf4 Nf6 11. Qd2 Nbd7 12. O-O-O Nb6 13. Bb3 a5 14. a3 a4 15. Ba2 Nbd5 16. Be5 b5 17. f3 Rc8 18. h5 Bh7 19. c3 O-O 20. Bb1 Bxb1 21. Kxb1 Nb6 22. Ne4 Nfd5 23. Rh3 Nc4 24. Qc1 f6 25. Bh2 Qe7 26. Rg3 Nde3 27. Re1 Nf5 28. Rg6 Qf7 29. Nxf6+ Kh8 30. Ne4 Nh4 31. Rg4 Nf5 32. Bf4 Rfd8 33. Nc5 Re8 34. Ka1 Rcd8 35. Rg6 Nh4 36. Rg4 Nf5 37. Be5 Rd5 38. Nd3 Red8 39. Nf4 Rxe5 40. dxe5 Nd2 41. Ka2 Nb3 42. Qb1 Rd2 43.
Rd1 Qd7 44. Rxd2 Nxd2 45. Qd3 Qxd3 46. Nxd3 Kg8 47. Nc5 Kf7 48. Ne4 Nc4 49. Rf4 Nxe5 50. g4 Nd3 51. Nd6+ Kf6 52. gxf5 Nxf4 53. Ne8+ Kxf5 54. Nxg7+ Kg5 55. b3 e5 56. bxa4 bxa4 57.
Kb2 Nxh5 58. Ne6+ Kf5 59. Nd8 Nf4 60. Nxc6 h5 61. Ne7+ Kg5 62. Nc6 h4 63. Nxe5 h3 64. Ng4 Kh4 65. c4 Kg3 66. Kc3 Kxf3 67. Nh2+ Kg2 68. Ng4 Kg3 69. Ne3 Kf3 70. Nf1 Ne2+ 71. Kb4 Kf2 72. Nh2 Kg2 73. Ng4 h2 74. Nxh2 Kxh2 75.
c5 Nd4 76. Kc4 Nc6 77. Kd5 Ne7+ 78. Kd6 Nf5+ 79. Kd7 Ne3 80. c6 Nc4 81. c7 Nb6+ 82.
Kc6 Nc8 83. Kb5 Kg3 84. Kxa4 Kf4 85. Kb5 Ke5 86. Kc6 Ke6 87. a4 Ne7+ 88. Kb7 Kd7 89. a5 Nc8 90. a6 Nd6+ 91. Kb8 Nc8 92. Kb7 Nd6+ 93. Kb6 Nc8+ 94. Kb7 1/2-1/2

[Event "*** Titled Tuesday Blitz"]
[Site "Chess.com"]
[Date "2021.03.30"]
[Round "11"]
[White "enriquetejedor"]
[Black "Abund"]
[Result "0-1"]
[WhiteElo "2611"]
[BlackElo "2736"]
[TimeControl "180+1"]
[EndTime "12:11:06 PDT"]
[Termination "Abund won by resignation"]

1. c4 Nf6 2. g4 Nxg4 3. e4 d6 4. d4 e5 5. d5 g6 6. Nc3 Bg7 7. Be2 Qh4 8. Bxg4 Bxg4 9. Qd3 a6 10. Qg3 Qh5 11. f3 Bc8 12. Nge2 Nd7 13. Be3 O-O 14.
Qg4 Nf6 15. Qg3 Bd7 16. O-O-O Bh6 17. Rd3 Bxe3+ 18. Rxe3 Qh6 19. Qf2 Nh5 20. Kc2 b5 21. Rd3 bxc4 22. Rdd1 f5 23. Ng3 Nf4 24. Qe3 Qh3 25.
Rd2 Kh8 26. Rb1 Nd3 27. Qe2 Rab8 28. b3 Nb4+ 29. Kb2 cxb3 30. axb3 a5 31. Ra1 Ra8 32.
Nb5 Rfc8 33. Rc1 f4 34. Nxc7 fxg3 35. Nxa8 Rxa8 36. hxg3 Qxg3 37. Rc7 Rd8 38. Qh2 Qxh2 39. Rxh2 Nd3+ 40. Kc3 Nc5 41. Ra2 Ra8 42. Kc2 Kg8 43.
Ra1 Kf8 44. b4 Ba4+ 45. Kc3 axb4+ 46. Kxb4 Na6+ 47. Kc3 Nxc7 48. Rh1 Nb5+ 49. Kb4 Ra7 50. Rc1 Nd4 51. Rc8+ Be8 52. Rc3 Rb7+ 53. Ka5 Rb3 54. Rc7 Bf7 55. Rc8+ Kg7 56. Rc7 Rxf3 57. Rd7 Rf6 58. Kb4 h5 59. Rc7 h4 60. Rc3 g5 61.
Rh3 Rg6 62. Kc4 Kh6 63. Kd3 Kh5 64. Ke3 g4 65. Rh1 g3 66. Rb1 g2 67. Kf2 g1=Q+ 68.
Rxg1 Rxg1 69. Kxg1 Kg4 70. Kf2 Kf4 71. Kg2 Kxe4 72.
Kh3 Kxd5 73. Kxh4 Kc4 74. Kg3 Kb3 75. Kf2 Kb2 76. Ke3 Kb1 77. Kd3 Kb2 78. Kd2 Ka2 79. Kd3 Ka3 80. Kc3 Ka4 81. Kd3 d5 82. Kc3 Kb5 83. Kd3 Kc5 84. Kc3 e4 85. Kd2 Ne6 86.
Ke3 Bg8 87. Ke2 Bh7 88. Ke3 Bg6 89. Ke2 Bf7 90. Kd2 Be8 91. Ke3 Kd6 92. Kd2 Ke5 93.
Ke3 d4+ 94. Ke2 Bb5+ 95. Kd2 e3+ 96. Kd1 Ke4 97. Ke1 Nf4 98. Kd1 0-1